[Event "Klubbmästerskap 2025 Tisdag"]
[Site "Linköping, Sweden"]
[Date "2025.01.21"]
[Round "2.1"]
[White "Grundel, Sam"]
[Black "Carlsson, Ingvar"]
[Result "1-0"]
[TimeControl "90 min + 30 sec/move"]
[WhiteElo "2019"]
[BlackElo "1996"]

1. e4 e6 2. d4 d5 3. Nc3 Nf6 4. e5 Nfd7 5. f4 c5 6. Nf3 Nc6 7. Be3 a6 8. Qd2 b5 9. a3 Be7 10.
Bd3 f5 11. exf6 Bxf6 12. dxc5 Bb7 13. Bf2 O-O 14. O-O Qe7 15. Rae1 Bxc3 16. Qxc3 Rxf4 17. Bg3 Rf7 18. Bd6 Qe8 19.
Bxh7+ 1-0

[Event "Klubbmästerskap 2025 Tisdag"]
[Site "Linköping, Sweden"]
[Date "2025.01.21"]
[Round "2.2"]
[White "Olsson, Simon"]
[Black "Malm, Simon 1995"]
[Result "1-0"]
[TimeControl "90 min + 30 sec/move"]
[WhiteElo "2075"]
[BlackElo "1976"]

1. d4 d5 2. c4 e6 3. Nc3 Nf6 4. cxd5 exd5 5. Bg5 Be7 6. e3 c6 7. Bd3 O-O 8. Qc2 Nbd7 9. Nge2 Re8 10.
O-O-O b5 11. h3 a5 12. g4 Nf8 13. Ng3 a4 14. Kb1 Qa5 15. Nce2 b4 16. Bxf6 b3 17. Qxc6 Bd7 18. Qxa8 bxa2+ 19. Kxa2 Qxa8 20. Bxe7 Rxe7 21. Rc1 Qb7 22. Rc3 Re8 23. Rhc1 Rb8 24. R1c2 Ne6 25. Nc1 g6 26. f4 Qb6 27.
Be2 Bb5 28. Bxb5 Qxb5 29. f5 Nd8 30. Rc5 Qb7 31. Nge2 gxf5 32. gxf5 Qd7 33. Ng3 Qd6 34. Nh5 Kf8 35. Nf4 Qf6 36.
Rxd5 Nc6 37. Ne6+ fxe6 38. Rxc6 Qe7 39. fxe6 Qb7 40. Rf5+ Ke8 41. Rc2 Qe4 42. Rfc5 Qxe6+ 43. d5 Qxh3 44.
e4 h5 45. R5c3 Qh1 46. Rg3 Kd7 47. Nd3 Re8 48. Rg7+ Kd8 49. Rcc7 Rxe4 50. Rgd7+ Ke8 51. Nc5 Kf8 52. Rc8+ Re8 53. Ne6+ Kg8 54. Rxe8# 1-0

[Event "Klubbmästerskap 2025 Tisdag"]
[Site "Linköping, Sweden"]
[Date "2025.01.21"]
[Round "2.3"]
[White "Rosenbecker, Daniel"]
[Black "Nyberg, Peter"]
[Result "1-0"]
[TimeControl "90 min + 30 sec/move"]
[WhiteTitle "CM"]
[WhiteElo "2110"]
[BlackElo "1972"]

1. d4 d5 2. c4 e6 3. Nf3 Nf6 4. g3 dxc4 5. Bg2 a6 6. O-O Nc6 7. Qc2 b5 8. b3 Nb4 9. Qd1 cxb3 10.
Qxb3 Bb7 11. a3 Nbd5 12. a4 b4 13. a5 c5 14. Ne5 Nd7 15. Nd2 cxd4 16. Nxd7 Qxd7 17. Nc4 Bc5 18. Bb2 Nc3 19. Bxc3 Bxg2 20. Bxb4 Qb5 21.
Kxg2 Rb8 22. Qd3 Qc6+ 23. f3 Rxb4 24. Rfc1 O-O 25. Ne5 Qd5 26. Nd7 Qxd7 27. Rxc5 Rb5 28. Rac1 Rxc5 29. Rxc5 Qd6 30.
Qc4 h6 31. Rc6 Qe5 32. Qxa6 Kh7 33. Qd3+ f5 34. a6 Qd5 35. Rc7 e5 36. Qa3 Re8 37. a7 e4 38. Kf2 d3 39. Qc3 e3+ 40.
Kg2 Rg8 41. Qxd3 Qxd3 42. exd3 Kg6 43. f4 Kf6 44. Rc6+ Ke7 45. Kf3 Re8 46. Ke2 Kd7 47. Rb6 Kc7 48. Rb8 Rxb8 49.
axb8=Q+ Kxb8 50. Kxe3 Kc7 51. Kd4 Kd6 52. h4 Ke6 53. Kc5 Kf6 54. d4 g5 55. d5 Kg6 56. d6 Kh5 57. hxg5 hxg5 58.
d7 gxf4 59. gxf4 Kg4 60. d8=Q Kxf4 61. Kd4 Kf3 62. Qg5 f4 63. Ke5 Ke2 64. Qxf4 Ke1 65. Qh2 Kd1 66. Kd4 Kc1 67. Kc3 Kb1 68.
Qb2# 1-0

[Event "Klubbmästerskap 2025 Tisdag"]
[Site "Linköping, Sweden"]
[Date "2025.01.21"]
[Round "2.4"]
[White "Pavlic, Oliver"]
[Black "Andersson, Mats 1960"]
[Result "0-1"]
[TimeControl "90 min + 30 sec/move"]
[BlackTitle "FM"]
[WhiteElo "1950"]
[BlackElo "2263"]

1. c4 e6 2. Nf3 Nf6 3. Nc3 d5 4. e3 Be7 5. b3 O-O 6. Bb2 b6 7. cxd5 exd5 8. Qc2 Bb7 9. d4 Na6 10.
a3 c5 11. Bd3 Nc7 12. O-O Ne6 13. Rac1 Rc8 14. Qb1 Bd6 15. Ne2 Ne4 16. Ng3 f5 17. Rfe1 Qe7 18. a4 Rce8 19. Ne5 Bxe5 20.
dxe5 Qh4 21. Qc2 Rf7 22. Rf1 Ref8 23. Nxf5 Rxf5 24. f3 Rh5 0-1

[Event "Klubbmästerskap 2025 Tisdag"]
[Site "Linköping, Sweden"]
[Date "2025.01.21"]
[Round "2.5"]
[White "Larsson, Elin"]
[Black "Modéer, Björn"]
[Result "1-0"]
[TimeControl "90 min + 30 sec/move"]
[WhiteElo "1666"]
[BlackElo "1700"]

1. e4 c6 2. d4 d5 3. e5 c5 4. c3 Nc6 5. Nf3 Bg4 6. Be2 e6 7. Be3 cxd4 8. cxd4 Bb4+ 9. Nc3 Nge7 10.
h3 Bxf3 11. Bxf3 O-O 12. O-O Bxc3 13. bxc3 Na5 14. Be2 Rc8 15. Qc2 Nc4 16. Bg5 h6 17. Bh4 g5 18. Bg3 Qa5 19. Rac1 Rc6 20.
Bxc4 Rxc4 21. f4 Nf5 22. Qd3 Rfc8 23. Be1 Qa3 24. Bd2 Nxd4 25. fxg5 Nf5 26. gxh6 Qc5+ 27. Kh2 Qe7 28. Rf3 Kh8 29.
Rcf1 Rg8 30. g4 Nh4 31. Rxf7 Qxf7 32. Rxf7 Ng6 33. Bg5 1-0

[Event "Klubbmästerskap 2025 Tisdag"]
[Site "Linköping, Sweden"]
[Date "2025.01.21"]
[Round "2.6"]
[White "Ivarsson, Simon"]
[Black "Larsson, Emma 2008"]
[Result "0-1"]
[TimeControl "90 min + 30 sec/move"]
[WhiteElo "1771"]
[BlackElo "1754"]

1. e4 c5 2. Nf3 g6 3. Nc3 Bg7 4. d3 e6 5. Be3 b6 6. Be2 Nc6 7. Qd2 Nge7 8. d4 d5 9. exd5 exd5 10.
Bb5 O-O 11. O-O-O c4 12. Ne5 Nxe5 13. dxe5 Bb7 14. Qe2 Qc7 15. Bg5 a6 16. Ba4 b5 17. f4 bxa4 18. Bxe7 Qxe7 19. Nxd5 Bxd5 20.
Rxd5 c3 0-1

[Event "Klubbmästerskap 2025 Tisdag"]
[Site "Linköping, Sweden"]
[Date "2025.01.21"]
[Round "2.7"]
[White "Tonkin, Archie"]
[Black "Gustavsson, Rolf"]
[Result "1-0"]
[TimeControl "90 min + 30 sec/move"]
[WhiteElo "1657"]
[BlackElo "1695"]

1. c4 g6 2. Nc3 Bg7 3. d4 c6 4. Nf3 d6 5.
e3 Bg4 6. Bd3 Nd7 7. h3 Bxf3 8.
Qxf3 e5 9. d5 c5 10. e4 a6 11.
O-O Bh6 12. Qg3 Bxc1 13. Raxc1 g5 14.
Be2 h5 15. f3 Qf6 16. Rf2 O-O-O 17. Nd1 Qh6 18. Rc3 Ne7 19. Ne3 Rdf8 20. Nf5 Nxf5 21. exf5 Nf6 22. Bd3 g4 23. h4 gxf3 24. Qxf3 Rhg8 25.
Be4 Nxe4 26. Qxe4 Rg4 27. Qe2 Rxh4 28. Rg3 Qh7 29. b3 Rg4 30. Rh3 f6 31. Qxg4 1-0

[Event "Klubbmästerskap 2025 Tisdag"]
[Site "Linköping, Sweden"]
[Date "2025.01.21"]
[Round "2.8"]
[White "Lantz, Lars-Göran"]
[Black "Svensson, Torgil"]
[Result "0-1"]
[TimeControl "90 min + 30 sec/move"]
[WhiteElo "1500"]
[BlackElo "1547"]

1. e4 c5 2. Nf3 d6 3. Bc4 Nf6 4. Ng5 e6 5. c3 h6 6. Nf3 Nxe4 7. O-O d5 8. Bb5+ Nc6 9. Qa4 Bd7 10. d3 Nd6 11. Bxc6 Bxc6 12. Qd1 Be7 13. Be3 b6 14. d4 Nf5 15.
Nbd2 O-O 16. Ne5 Be8 17. Nef3 Bd6 18. dxc5 bxc5 19. Nb3 Qc7 20. g3 Nxe3 21. fxe3 Rb8 22. Nfd2 c4 23. Nd4 Rxb2 24.
a4 a6 25. Nc2 Bd7 26. Kg2 e5 27. Nb4 Bxb4 28. cxb4 Rxb4 29. Nb1 Qc6 30. Nc3 d4+ 0-1

[Event "Klubbmästerskap 2025 Tisdag"]
[Site "Linköping, Sweden"]
[Date "2025.01.21"]
[Round "2.10"]
[White "Gällman, Joel"]
[Black "Karlsson, Andreas 1984"]
[Result "1-0"]
[TimeControl "90 min + 30 sec/move"]
[WhiteElo "1461"]
[BlackElo "1565"]

1. e4 c6 2. d4 d5 3. e5 c5 4. Nf3 Bg4 5. Bb5+ Nc6 6. Bxc6+ bxc6 7. Be3 cxd4 8. Bxd4 e6 9. O-O Qc7 10.
h3 Bxf3 11. Qxf3 c5 12. Bc3 Rb8 13. Re1 d4 14. Bd2 Rxb2 15. Qd3 Ne7 16. Qa3 Rb7 17. Ba5 Qc8 18. Nd2 Nc6 19. Nc4 Be7 20.
Rab1 Rxb1 21. Rxb1 O-O 22. f4 Qa6 23. Qa4 Nb4 24. a3 Nd5 25.
Rf1 Nc3 26. Qb3 f6 27. Bxc3 dxc3 28. Qxc3 fxe5 29. fxe5 Rd8 30. Rf4 Rd1+ 31. Rf1 Rd4 32. Qf3 Qc8 33. Qf7+ Kh8 34. Qxe7 Rd8 35.
Nd6 1-0

[Event "Klubbmästerskap 2025 Tisdag"]
[Site "Linköping, Sweden"]
[Date "2025.01.21"]
[Round "2.12"]
[White "Jakobsson, Leif"]
[Black "Andersson, Fredrik 1969"]
[Result "1/2-1/2"]
[TimeControl "90 min + 30 sec/move"]
[WhiteElo "1714"]
[BlackElo "1746"]

1. e4 c5 2. Nc3 Nc6 3. Bc4 e6 4. d3 g6 5. Bf4 e5 6. Bg3 Bg7 7. Nge2 Nge7 8. O-O O-O 9. f4 d6 10.
fxe5 Nxe5 11. Bd5 Nxd5 12. Nxd5 f5 13. Bxe5 Bxe5 14. c3 Qh4 15. g3 Qg5 16. d4 Bg7 17. h4 Qd8 18. exf5 Bxf5 19.
Nef4 g5 20. Nh5 gxh4 21. Qb3 Qg5 22. Ne7+ Kh8 23. Nxf5 Qxh5 24. Nxg7 Kxg7 25. Qxb7+ Kh8 26. Rxf8+ Rxf8 27. Qg2 hxg3 28.
dxc5 Qxc5+ 29. Kh1 Qh5+ 30. Kg1 Qh2+ 31. Qxh2 gxh2+ 32. Kxh2 Rf2+ 33. Kg3 Rxb2 34. Rd1 Rc2 35. Rxd6 Rxc3+ 36. Kf4 Ra3 37. Rd2 Kg7 38. Kg5 Ra5+ 39. Kg4 h5+ 40. Kh4 Kg6 41. Rg2+ Kh6 42. Rd2 Ra4+ 43. Kh3 Kg5 44. Rd5+ Kf4 45.
Rxh5 Ra3+ 46. Kg2 Rxa2+ 47. Kf1 a5 48. Rh4+ Kg3 49. Rc4 a4 50. Ke1 Kf3 1/2-1/2